 Dungeon Crawl Stone Soup version 0.26-a0-812-g31a745ddcd (webtiles) character file.

Game seed: 16779142649505711541

51 Borgoz the Skirmisher (level 3, 28/31 HPs)
             Began as a Ghoul Monk on Dec 8, 2020.
             Quit the game on level 3 of the Dungeon.
             The game lasted 00:02:25 (1955 turns).

Borgoz the Skirmisher (Ghoul Monk)                  Turns: 1955, Time: 00:02:25

Health: 28/31      AC:  4    Str: 15    XL:     3   Next: 81%
Magic:  2/2        EV: 13    Int:  5    God:
Gold:   120        SH:  0    Dex: 11    Spells: 2/2 levels left

rFire    . . .     SeeInvis .   a - +0 mace
rCold    + . .     Faith    .   (no shield)
rNeg     + + +     Spirit   .   b - +0 robe
rPois    ∞         Reflect  .   (no helmet)
rElec    .         Harm     .   e - +0 cloak
rCorr    .         Rampage  .   (no gloves)
MR       .....                  m - +0 pair of boots
Stlth    ++........             (no amulet)
HPRegen  0.10/turn              (no ring)
MPRegen  0.08/turn              (no ring)

@: no status effects
A: rotting body, claws 1, cold resistance 1, negative energy resistance 3,
inhibited regeneration, torment resistance, unbreathing
a: no special abilities


You were on level 3 of the Dungeon.
You visited 1 branch of the dungeon, and saw 3 of its levels.

You collected 120 gold pieces.

Inventory:

Hand Weapons
 a - a +0 mace (weapon)
Armour
 b - a +0 robe (worn)
 e - a +0 cloak (worn)
 m - a +0 pair of boots (worn)
Scrolls
 d - 2 scrolls of remove curse {unknown}
 f - a scroll of random uselessness {unknown}
 i - a scroll of enchant weapon {unknown}
 j - a scroll of magic mapping {unknown}
 l - 3 scrolls of teleportation {unknown}
 n - a scroll of immolation {unknown}
Potions
 c - 2 potions of attraction {unknown}
 g - a potion of cancellation
 h - a potion of might {unknown}
 k - 2 potions of flight
 o - a potion of heal wounds {unknown}


   Skills:
 + Level 3.6 Fighting
 * Level 3.2 Maces & Flails
 * Level 1.5 Armour
 + Level 3.0 Dodging
 - Level 2.1 Stealth


You had 2 spell levels left.
You didn't know any spells.
Your spell library was empty.

Dungeon Overview and Level Annotations

Branches:
Dungeon (3/15)

Altars:


Innate Abilities, Weirdness & Mutations

Your body is rotting away.
You thrive by killing the living.
You are immune to poison.
You have sharp fingernails.
Your flesh is cold resistant. (rC+)
You are immune to negative energy. (rN+++)
You do not regenerate when monsters are visible.
You are immune to unholy pain and torment.
You can survive without breathing.


Message History

HP restored.
Found a dire flail.
You open the door.
A hobgoblin comes into view.
A hobgoblin is nearby!
There is an open door here.
You closely miss the hobgoblin. The hobgoblin hits you.
You hit the hobgoblin but do no damage. The hobgoblin hits you.
You hit the hobgoblin.
The hobgoblin is moderately wounded.
The hobgoblin barely misses you. The hobgoblin closely misses you.
You hit the hobgoblin.
You kill the hobgoblin!
No target in view!
No target in view!
No target in view!
No target in view!
No target in view!
No target in view!
Are you sure you want to abandon this character and quit the game? (Confirm with "yes".)

.# #.##......#
.##### #.##.###..###
†....###.##.#⌠#.....
............###..##
#....###........##
#....# #.......##
.....###.......##
.....##.....)...###
...^.#..........@.#
#..###..........#.#
##.###.##########.#
#..##.# .. ##.##.#
.## #.##.# .#
###..#.###### .#
+............. ..
####...#######


There were no monsters in sight!

Vanquished Creatures
  An adder (D:2)
  2 worms
  4 dart slugs
  A leopard gecko (D:2)
  3 goblins
  7 hobgoblins
  A quokka (D:2)
  A ball python (D:1)
  2 bats
  2 frilled lizards
  2 kobolds (D:2)
  A rat (D:2)
27 creatures vanquished.

Notes
Turn   | Place    | Note
-------+----------+-------------------------------------------
     0 | D:1      | Borgoz the Ghoul Monk began the quest for the Orb.
     0 | D:1      | Reached XP level 1. HP: 19/19 MP: 0/0
   280 | D:1      | Reached XP level 2. HP: 24/26 MP: 1/1
  1130 | D:2      | Reached skill level 1 in Armour
  1381 | D:2      | Reached XP level 3. HP: 26/31 MP: 2/2
  1955 | D:3      | Quit the game

Illustrated notes

Levels and vault maps discovered:
D:1:      arrival_zaba_pyramid, layout_basic
D:2:      layout_rooms
D:3:      cheibrodos_fertilizer, layout_basic, roderic_roman_lattice,
          corexii_item_surrounded_by_moat, grunt_decor_mini_mirrors,
          kennysheep_cross_room, feat_on_display

Skill      XL: |  1  2  3 |
---------------+----------+-----
Maces & Flails | 3 |  3.2
Armour         | 1 |  1.5
Dodging        | 3 |  3.0
Fighting       | |  3.6
Stealth        | |  2.1

Action                   || total
-------------------------++-------
Melee: Mace              ||    95
  Use: Scroll            ||     4
 Stab: Sleeping          ||     2
Armor: Robe              ||    21
Dodge: Dodged            ||    64

Table legend: (Time is in decaauts)
 A = Elapsed time spent in this place.
 B = Non-inter-level travel time spent in this place.
 C = Inter-level travel time spent in this place.
 D = Time resting spent in this place.
 E = Time spent auto-exploring this place.
 F = Levels seen in this place.
 G = Mean time per level.
                   A        B        C        D        E       F      G
               +--------+--------+--------+--------+--------+-----+--------+
         Total |   1978 |   1954 |     24 |    191 |   1523 |   3 |  659.3 |
       Dungeon |   1978 |   1954 |     24 |    191 |   1523 |   3 |  659.3 |
               +--------+--------+--------+--------+--------+-----+--------+

Top non-repeatable levels by time:
     D:1: 1065 daAuts
     D:2: 763 daAuts
     D:3: 149 daAuts
